 Dungeon Crawl Stone Soup version 0.29.1-12-g30fa7ad0bf (webtiles) character file.

Game seed: 1154826086313751337

1055 wingedge the Chopper (level 8, -1/70 HPs)
             Began as a Hill Orc Monk on Jan 1, 2023.
             Was a Follower of Beogh.
             Killed from afar by an orc wizard (6 damage)
             ... with a magic dart
             ... on level 7 of the Dungeon.
             The game lasted 00:13:23 (6212 turns).

wingedge the Chopper (Hill Orc Monk)                Turns: 6212, Time: 00:13:25

Health: -1/70      AC: 11    Str: 16    XL:     8   Next: 26%
Magic:  11/12      EV:  8    Int: 16    God:    Beogh [*.....]
Gold:   313        SH:  8    Dex: 13    Spells: 7/7 levels left

rFire   + + .      SeeInvis .   a - +0 hand axe
rCold   x . .      Faith    .   M - +0 kite shield
rNeg    . . .      Spirit   .   G - +0 fire dragon scales
rPois   .          Reflect  .   J - +0 helmet
rElec   .          Harm     .   (no cloak)
rCorr   .          Rampage  .   (no gloves)
Will    .....                   B - +0 pair of boots
Stlth   ..........              c - amulet of the acrobat
HPRegen 0.21/turn               d - +6 ring of intelligence
MPRegen 0.13/turn               n - ring of wizardry

@: on berserk cooldown, slowed, very slow
A: no striking features
a: Renounce Religion


You were on level 7 of the Dungeon.
You worshipped Beogh.
Beogh was aware of your devotion.
You visited 1 branch of the dungeon, and saw 7 of its levels.

You collected 313 gold pieces.

Inventory:

Hand Weapons
 a - a +0 hand axe (weapon)
 b - a +1 sling of flaming
Armour
 B - a +0 pair of boots (worn)
 G - +0 fire dragon scales (worn)
 J - a +0 helmet (worn)
 M - a +0 kite shield (worn)
Jewellery
 c - an amulet of the acrobat (around neck)
 d - a +6 ring of intelligence (left hand)
 i - a +4 ring of protection
 n - a ring of wizardry (right hand)
Wands
 F - a wand of quicksilver (11)
 I - a wand of roots (5)
Scrolls
 e - 2 scrolls of poison
 g - 2 scrolls of immolation
 j - 2 scrolls of enchant weapon {unknown}
 k - a scroll of magic mapping {unknown}
 o - 2 scrolls of amnesia
 p - a scroll of teleportation {unknown}
 r - a scroll of silence {unknown}
 t - a scroll of fear {unknown}
 u - 6 scrolls of noise {unknown}
 y - 3 scrolls of vulnerability {unknown}
 A - a scroll of acquirement {unknown}
 D - 2 scrolls of blinking {unknown}
Potions
 h - a potion of invisibility {unknown}
 l - a potion of heal wounds {unknown}
 m - a potion of berserk rage
 q - a potion of flight {unknown}
 w - a potion of mutation {unknown}
 x - 2 potions of haste {unknown}
 z - 2 potions of brilliance
 C - 2 potions of cancellation {unknown}
 K - a potion of lignification {unknown}
 L - a potion of might {unknown}


   Skills:
 + Level 6.0 Fighting
 - Level 7.0 Axes
 - Level 4.0 Armour
 - Level 3.0 Dodging
 - Level 2.0 Stealth
 - Level 3.0 Shields
 - Level 6.0 Invocations


You had 7 spell levels left.
You didn't know any spells.
Your spell library contained the following spells:

 Spells                   Type           Power      Damage    Failure   Level
 Ensorcelled Hibernation  Hex/Ice        0%         N/A       88%         2
 Call Canine Familiar     Summ           0%         N/A       98%         3
 Gell's Gravitas          Tloc           0%         N/A       98%         3
 Lesser Beckoning         Tloc           0%         N/A       98%         3
 Portal Projectile        Hex/Tloc       0%         N/A       98%         3
 Spider Form              Tmut/Pois      0%         N/A       98%         3
 Teleport Other           Tloc           0%         N/A       98%         3
 Anguish                  Hex/Necr       0%         N/A       100%        4
 Leda's Liquefaction      Hex/Erth       0%         N/A       100%        4


Dungeon Overview and Level Annotations

Branches:
Dungeon (7/15)             Temple (0/1) D:7

Altars:
Ashenzari
Dithmenos
Gozag
Hepliaklqana
Makhleb
Okawaru
Qazlal
Sif Muna
Wu Jian
Xom
Yredelemnul
Zin


Message History

You are no longer corroded.
The orc wizard points at you and mumbles some strange words.
You are confused.
The orc wizard casts a spell.
The orc wizard flickers and vanishes!
Deactivating autopickup; reactivate with Ctrl-A.
There is an open door here.
You bump into the rock wall.
You bump into the rock wall.
Something barely misses you.
Okay, then.
Something hits you.
* * * LOW HITPOINT WARNING * * *
You feel less confused.
There is an open door here.
You barely miss something.
You hear some strange, mumbled words.
A magic dart appears from out of thin air!
The magic dart hits you but does no damage.
Something hits you but does no damage. Something hits you but does no damage.
Something barely misses you.
You miss something. Something hits you but does no damage.
You hit something but do no damage. You block something's attack.
Something hits you.
* * * LOW HITPOINT WARNING * * *
Okay, then.
You hit something.
You hear some strange, mumbled words.
A magic dart appears from out of thin air!
The magic dart hits you.
* * * LOW HITPOINT WARNING * * *
Something hits you but does no damage.
You hit something.
You hear some strange, mumbled words.
Something tries to affect you, but you resist.
You hear some strange, mumbled words.
A magic dart appears from out of thin air!
The magic dart hits you.
You die...
Beogh appreciates something's killing of a heretic priest.

#......#####
#.#.8.######+###
#..............##
#..#####........#
#.. #........#
#.. #........#
#$. #.#......#
#+######.#.#'#{##
..........#.#@#
#######.###.#.#
#.........#.#
#.....#####.# ##
#.....# #.#
.#####.....# #.#
...........# #.#
######.....# #.#
####### #.######


There were no monsters in sight!

Vanquished Creatures
  Prince Ribbit (D:5)
  An ice beast (D:7)
  A black bear (D:5)
  2 phantoms
  3 scorpions
  2 jellies
  2 hounds (D:6)
  An iguana (D:5)
  3 gnolls
  5 adders
  2 shadow imps
  A white imp (D:5)
  An ufetubus (D:5)
  5 dart slugs
  4 orcs
  6 endoplasms
  A giant cockroach (D:4)
  11 goblins
  8 hobgoblins
  A quokka (D:1)
  6 ball pythons
  6 bats
  A frilled lizard (D:2)
  4 kobolds
  3 rats
81 creatures vanquished.

Notes
Turn   | Place    | Note
-------+----------+-------------------------------------------
     0 | D:1      | wingedge the Hill Orc Monk began the quest for the Orb.
     0 | D:1      | Reached XP level 1. HP: 19/19 MP: 1/1
   244 | D:1      | Reached XP level 2. HP: 26/27 MP: 2/2
   549 | D:1      | Reached XP level 3. HP: 30/33 MP: 3/3
  1679 | D:2      | Reached skill level 5 in Axes
  1679 | D:2      | Reached XP level 4. HP: 38/40 MP: 4/4
  2439 | D:3      | Became a worshipper of Beogh the Brigand
  2439 | D:3      | Reached * piety under Beogh
  2439 | D:3      | Reached ** piety under Beogh
  2669 | D:3      | Found a hazy altar of Hepliaklqana.
  2670 | D:3      | Found a basalt altar of Yredelemnul.
  2671 | D:3      | Found a glowing silver altar of Zin.
  2671 | D:3      | Found an ornate altar of the Wu Jian Council.
  2695 | D:3      | Found a faded altar of an unknown god.
  3101 | D:4      | Noticed a phantom
  3117 | D:4      | Killed a phantom
  3118 | D:4      | Reached skill level 5 in Fighting
  3118 | D:4      | Reached XP level 5. HP: 32/48 MP: 4/7
  3976 | D:4      | Found a shadowy altar of Dithmenos.
  4002 | D:4      | Found an iron altar of Okawaru.
  4344 | D:5      | Entered Level 5 of the Dungeon
  4350 | D:5      | Reached XP level 6. HP: 55/56 MP: 9/9
  4508 | D:5      | Noticed Prince Ribbit
  4510 | D:5      | Noticed a black bear
  4517 | D:5      | Killed Prince Ribbit
  4518 | D:5      | Reached skill level 5 in Invocations
  4518 | D:5      | Reached XP level 7. HP: 42/61 MP: 3/10
  4617 | D:5      | Found a burning altar of Makhleb.
  5293 | D:5      | Found a radiant altar of Vehumet.
  5295 | D:5      | Found a broken altar of Ashenzari.
  5295 | D:5      | Found a shimmering altar of Xom.
  5297 | D:5      | Found an opulent altar of Gozag.
  5297 | D:5      | Found a shimmering blue altar of Sif Muna.
  5297 | D:5      | Found a stormy altar of Qazlal.
  5564 | D:6      | Reached skill level 6 in Axes
  5639 | D:6      | Reached XP level 8. HP: 58/70 MP: 11/11
  6150 | D:7      | Found a staircase to the Ecumenical Temple.
  6174 | D:7      | Reached skill level 7 in Axes
  6212 | D:7      | Killed from afar by an orc wizard

Illustrated notes

Levels and vault maps discovered:
D:1:      grunt_arrival_crossed_arrows, layout_basic, nicolae_titane
D:2:      layout_loops_corners, minmay_domino_4
D:3:      layout_loops_ring, mainiacjoe_overflow_alcove_3,
          basic_ecumenical_altar
D:4:      layout_rooms, nicolae_dithmenos_through_a_glass_darkly,
          kennysheep_okawaru_gauntlet
D:5:      layout_rooms, mainiacjoe_overflow_brackets, doesnt_xom_only_xom,
          uniq_prince_ribbit1
D:6:      layout_rooms, chequers_serial_rivers_micro_b
D:7:      layout_basic, trog_hazing_becter, nicolae_overflow_hidden_temple,
          minmay_temple_entry_statues_pillars

Skill      XL: |  1  2  3  4  5  6  7  8 |
---------------+-------------------------+-----
Fighting       | 4 5 6 |  6.0
Stealth        | 2 |  2.0
Dodging        | 3 |  3.0
Axes           | 5 6 7 |  7.0
Invocations    | 3 4 5 6 |  6.0
Armour         | 2 4 |  4.0
Shields        | 2 3 |  3.0

Action                   |  1- 3 |  4- 6 |  7- 9 || total
-------------------------+-------+-------+-------++-------
Melee: Hand axe          |    94 |   115 |   111 ||   320
       Punch             |     1 |     1 |       ||     2
 Fire: Sling             |       |    13 |     2 ||    15
Throw: Boomerang         |     1 |     7 |    13 ||    21
Invok: Convert to Beogh  |       |     1 |       ||     1
       Smiting           |       |     2 |     3 ||     5
  Use: Potion            |     1 |       |     6 ||     7
       Scroll            |       |     1 |     4 ||     5
 Stab: Sleeping          |     3 |     2 |       ||     5
       Distracted        |     1 |       |       ||     1
Armor: Robe              |     2 |       |       ||     2
       Ring mail         |    38 |    39 |       ||    77
       Fire dragon scale |       |    10 |    61 ||    71
Dodge: Dodged            |    54 |    81 |    39 ||   174
Block: Buckler           |       |     3 |    17 ||    20
       Kite shield       |       |       |     9 ||     9
